Map: At Eternity's Edge LE

Players

Priv - Winner!

  • Race: Terran Terran

Freiya

  • Race: Protoss Protoss

VOD

Have the link to the VOD?

Description

Time

  • Played on: Sept. 18, 2026, 8:36 a.m.
  • Length: 16:11
Show
View Real Time Build Order
Export as new Build Order

Priv Terran - Winner!

Build Orders: Reaper Expand 

Get SALT Encoding   

  8  0:00  SCV  
  9  0:12  SCV  
  10  0:25  SCV  
  11  0:31  Supply Depot  
  11  0:37  SCV  
  12  0:49  SCV  
  13  0:56  Barracks  
  13  1:01  SCV  
  14  1:10  Refinery  
  14  1:16  SCV  
  15  1:33  SCV  
  16  1:46  Supply Depot  
  17  1:51  Marine  
  17  1:55  SCV  
  18  2:07  SCV  
  19  2:09  Marine  
  20  2:19  Command Center  
  20  2:23  Supply Depot  
  20  2:33  Refinery  
  19  2:47  Reaper  
  20  2:56  Refinery  
  20  3:00  Refinery  
  20  3:11  Barracks  
  20  3:13  Orbital Command  
  20  3:21  Reaper  
  21  3:40  SCV  
  22  3:52  SCV  
  22  3:55  Reaper  
  24  3:59  Engineering Bay  
  24  4:05  Barracks Tech Lab  
  24  4:12  SCV  
  25  4:17  Factory  
  25  4:29  Marine  
  26  4:47  Marine  
  29  4:53  Marauder  
  29  4:54  Combat Shield  
  29  5:04  Marine  
  28  5:39  Reaper  
  29  5:49  Command Center  
  28  5:52  Hellion  
  28  5:56  SCV  
  31  6:03  Reaper  
  32  6:07  SCV  
  32  6:08  SCV  
  34  6:12  Stimpack  
  34  6:13  Reaper, Hellion  
  31  6:28  Starport  
  31  6:34  Hellion  
  32  6:47  Marauder  
  32  7:18  Hellion  
  27  7:25  Marine  
  27  7:28  Marauder  
  30  7:31  Planetary Fortress  
  30  7:34  Liberator  
  33  7:43  Marine  
  34  7:47  Factory Tech Lab  
  34  7:49  Marauder  
  36  7:52  Concussive Shells, Factory  
  33  8:30  Marine  
  34  8:37  Siege Tank  
  37  8:48  Marine  
  34  8:50  Factory Tech Lab  
  34  9:00  SCV  
  35  9:07  Refinery  
  35  9:09  Siege Tank  
  39  9:12  SCV, Starport Tech Lab  
  39  9:16  Barracks Reactor  
  39  9:18  Marauder  
  41  9:24  SCV  
  41  9:28  SCV, Refinery  
  43  9:36  SCV  
  44  9:40  Marauder, SCV  
  44  9:44  Starport  
  47  9:48  SCV  
  47  9:52  SCV  
  48  10:00  SCV  
  49  10:08  Siege Tank  
  49  10:09  Marine x2  
  49  10:11  Medivac  
  56  10:21  Factory  
  56  10:34  Starport Tech Lab  
  56  10:35  Cloaking Field  
  56  10:41  Banshee  
  59  10:57  Siege Tank  
  59  10:59  Marine  
  63  11:05  Marine  
  63  11:06  Supply Depot  
  63  11:09  SCV  
  65  11:21  SCV  
  65  11:24  Banshee  
  69  11:27  SCV  
  69  11:29  Siege Tank  
  73  11:36  Siege Tank  
  73  11:38  SCV  
  77  11:46  Supply Depot  
  77  11:50  Banshee  
  80  12:01  Siege Tank  
  83  12:09  Cyclone  
  83  12:12  Raven, Armory  
  88  12:17  SCV  
  88  12:18  SCV  
  90  12:24  Orbital Command  
  90  12:26  Factory Tech Lab  
  90  12:31  SCV  
  90  12:33  Liberator  
  94  12:42  SCV  
  95  12:54  Supply Depot  
  95  13:08  Supply Depot  
  95  13:11  Refinery  
  95  13:16  Marine x2, Medivac, SCV, Siege Tank  
  95  13:17  Supply Depot  
  103  13:30  SCV, Siege Tank  
  103  13:32  Supply Depot  
  107  13:42  SCV  
  108  13:51  Marine x2  
  108  13:52  Marauder  
  108  13:54  Liberator, SCV  
  116  13:56  Medivac  
  116  13:59  Siege Tank  
  116  14:02  Siege Tank  
  124  14:06  SCV  
  124  14:07  Supply Depot  
  125  14:14  Marauder  
  127  14:17  Command Center  
  127  14:20  Supply Depot  
  127  14:28  Marine x2, SCV  
  130  14:34  Fusion Core, Siege Tank  
Show
View Real Time Build Order
Export as new Build Order

Freiya Protoss 

Build Orders:  

Get SALT Encoding   

  8  0:00  Probe (Chrono Boost)  
  9  0:11  Probe (Chrono Boost)  
  10  0:18  Probe  
  11  0:30  Probe  
  12  0:52  Pylon  
  12  0:54  Probe  
  13  1:08  Assimilator  
  13  1:15  Gateway  
  13  1:21  Probe  
  14  1:33  Probe (Chrono Boost)  
  15  1:44  Probe (Chrono Boost)  
  16  1:49  Probe (Chrono Boost)  
  17  1:59  Probe  
  18  2:03  Pylon  
  17  2:20  Probe  
  18  2:40  Probe  
  19  2:52  Probe  
  19  2:57  Cybernetics Core  
  20  3:02  Pylon  
  20  3:29  Gateway  
  20  3:34  Gateway, Warp Gate (Chrono Boost)  
  20  3:37  Gateway  
  20  3:47  Forge  
  20  3:56  Pylon  
  20  4:21  Protoss Ground Weapons Level 1  
  20  4:33  Adept (Chrono Boost)  
  24  4:39  Stalker (Chrono Boost)  
  18  5:08  Probe (Chrono Boost)  
  18  5:13  Adept (Chrono Boost)  
  16  5:17  Stalker  
  16  5:20  Probe (Chrono Boost)  
  16  5:29  Probe (Chrono Boost)  
  16  5:34  Probe  
  14  5:46  Probe (Chrono Boost)  
  15  5:56  Probe (Chrono Boost)  
  16  6:01  Probe (Chrono Boost)  
  16  6:03  Zealot  
  19  6:04  Zealot x2  
  19  6:05  Zealot  
  25  6:13  Probe  
  22  6:47  Adept x2  
  22  6:48  Adept x2  
  20  7:31  Stalker  
  20  7:32  Stalker x2  
  22  7:42  Assimilator, Probe (Chrono Boost)  
  22  7:52  Probe (Chrono Boost)  
  22  7:57  Probe (Chrono Boost)  
  20  8:05  Protoss Ground Armor Level 1 (Chrono Boost)  
  19  8:09  Probe (Chrono Boost)  
  19  8:12  Zealot x2  
  22  8:21  Probe (Chrono Boost)  
  23  8:30  Adept  
  23  8:33  Stalker  
  19  8:59  Pylon  
  19  9:05  Probe (Chrono Boost)  
  20  9:13  Probe (Chrono Boost)  
  21  9:19  Probe  
  22  9:31  Probe  
  23  9:43  Probe  
  24  9:48  Zealot x3  
  24  9:50  Zealot  
  32  9:58  Protoss Shields Level 1  
  30  10:12  Stalker  
  30  10:13  Stalker  
  34  10:17  Adept  
  36  10:21  Zealot  
  38  10:39  Probe (Chrono Boost)  
  39  10:44  Stalker  
  39  10:45  Stalker  
  39  10:47  Probe (Chrono Boost)  
  44  11:02  Photon Cannon  
  44  11:17  Pylon  
  44  11:29  Pylon  
  44  11:51  Twilight Council  
  44  12:03  Stalker  
  44  12:04  Stalker  
  44  12:05  Stalker x2  
  52  12:26  Blink (Chrono Boost)  
  52  12:41  Zealot  
  52  12:42  Zealot x2  
  58  12:48  Zealot  
  60  12:54  Pylon  
  60  12:58  Pylon  
  60  13:02  Pylon  
  60  13:17  Stalker  
  60  13:18  Stalker  
  60  13:19  Stalker  
  66  13:22  Sentry  
  68  13:43  Sentry  
  68  13:46  Adept x2  
  74  13:54  Adept  
  76  14:15  Zealot  
  76  14:16  Zealot  
Tags
 
Add a new tag
Caveats
  • Supply blocks, unpowered buildings, or Contaminate may cause inaccurate times.
  • Supply counts are checked every 10 seconds.